 Dungeon Crawl Stone Soup version 0.30-a0-57-g8b159a9891 (webtiles) character file.

Game seed: 9250317478697708752

22 Decritt the Trooper (level 2, -1/20 HPs)
             Began as a Gargoyle Fighter on Sept 11, 2022.
             Slain by Sigmund
             ... wielding a +0 scythe
              (7 damage)
             ... on level 2 of the Dungeon.
             The game lasted 00:01:33 (971 turns).

Decritt the Trooper (Gargoyle Fighter)               Turns: 971, Time: 00:01:33

Health: -1/20      AC:  9    Str: 19    XL:     2   Next: 91%
Magic:  0/2        EV:  9    Int:  8    God:
Gold:   68         SH:  4    Dex:  9    Spells: 1/1 levels left

rFire   . . .      SeeInvis .    m - +0 whip
rCold   . . .      Faith    .    c - +0 buckler
rNeg    + . .      Spirit   +    b - +0 scale mail
rPois   ∞          Reflect  .    (no helmet)
rElec   +          Harm     .    (no cloak)
rCorr   .          Rampage  .    (no gloves)
Will    .....                    (no boots)
Stlth   ..........               e - amulet of guardian spirit
HPRegen 0.06/turn                (no ring)
MPRegen 0.08/turn                (no ring)

@: mighty
A: sickness immunity, AC +2, negative energy resistance 1, electricity
resistance, torment resistance 1, petrification resistance
a: no special abilities


You were on level 2 of the Dungeon.
You visited 1 branch of the dungeon, and saw 2 of its levels.

You collected 68 gold pieces.

Inventory:

Hand Weapons
 a - a +0 flail
 m - a +0 whip (weapon)
Armour
 b - a +0 scale mail (worn)
 c - a +0 buckler (worn)
Jewellery
 e - an amulet of guardian spirit (around neck)
Scrolls
 f - 3 scrolls of teleportation {unknown}
 h - a scroll of enchant armour {unknown}
 j - a scroll of magic mapping {unknown}
 k - a scroll of identify {unknown}
Potions
 g - 2 potions of brilliance {unknown}
 i - a potion of magic {unknown}
 l - a potion of cancellation {unknown}


   Skills:
 * Level 3.6 Fighting
 * Level 2.5 Maces & Flails
 + Level 3.5 Armour
 + Level 3.5 Shields


You had one spell level left.
You didn't know any spells.
Your spell library was empty.

Dungeon Overview and Level Annotations

Branches:
Dungeon (2/15)

Altars:

Annotations:
D:2 Sigmund


Innate Abilities, Weirdness & Mutations

You are immune to sickness and miasma.
Your stone body is resilient. (AC +2)
You are immune to poison.
You resist negative energy. (rN+)
You are resistant to electric shocks. (rElec)
You are resistant to unholy torment.
You are immune to petrification.


Message History

You climb downwards.
Sigmund shouts!
There is a stone staircase leading up here.
There are monsters nearby!
There are monsters nearby!
A quokka comes into view.
There is a stone staircase leading up here.
Sorry, you're not good enough to have a special ability.
You feel very mighty all of a sudden. Sigmund hits you but does no damage.
You hit Sigmund.
Sigmund is moderately wounded.
Sigmund points at you and mumbles some strange words.
You are confused.
The quokka barely misses you.
Found a faded altar of an unknown god.
Sigmund gestures wildly while chanting.
Sigmund flickers and vanishes!
Deactivating autopickup; reactivate with Ctrl-A.
The quokka bites you but does no damage.
You bump into the rock wall.
The quokka bites you but does no damage.
You hear some strange, mumbled words.
A magic dart appears from out of thin air!
The magic dart hits you. Something hits you but does no damage.
The worm closely misses you. The quokka closely misses you.
You are too confused!
You completely miss the quokka. The quokka closely misses you.
Something hits you but does no damage.
You feel less confused. The quokka barely misses you.
The worm bites you but does no damage.
You barely miss the worm. The quokka bites you. Something hits you!
* * * LOW HITPOINT WARNING * * *
You hit the worm.
The worm is lightly wounded.
The quokka barely misses you. The worm bites you.
* * * LOW HITPOINT WARNING * * *
Something hits you!
You die...

##### ##...##
#####....@##
........rw.##
..........{.#
###...............
#.............##
##......##.##.#
##.....# ..# #
##..... _...
##...#. .#.#


You could see a worm and a quokka.

Vanquished Creatures
  A dart slug (D:1)
  2 bats (D:1)
  An endoplasm (D:1)
  2 giant cockroaches (D:1)
  4 goblins (D:1)
  2 hobgoblins (D:1)
  A quokka (D:1)
  A ball python (D:1)
  A frilled lizard (D:1)
  A kobold (D:1)
  2 rats (D:1)
18 creatures vanquished.

Notes
Turn   | Place    | Note
-------+----------+-------------------------------------------
     0 | D:1      | Decritt the Gargoyle Fighter began the quest for the Orb.
     0 | D:1      | Reached XP level 1. HP: 14/14 MP: 1/1
    94 | D:1      | Reached XP level 2. HP: 19/19 MP: 2/2
   957 | D:2      | Noticed Sigmund
   964 | D:2      | Found a faded altar of an unknown god.
   971 | D:2      | Slain by Sigmund

Illustrated notes

Levels and vault maps discovered:
D:1:      eino_arrival_water_cross, layout_loops_corners, minmay_tromino_v4_c
D:2:      minmay_chambers_of_ones, layout_loops_ring, basic_altar,
          ebering_ecumenical_altar_box, uniq_sigmund

Action                   || total
-------------------------++-------
Melee: Flail             ||    55
       Whip              ||     4
  Use: Potion            ||     1
Armor: Scale mail        ||    42
Dodge: Dodged            ||    30
Block: Buckler           ||    10

Table legend: (Time is in decaauts)
 A = Elapsed time spent in this place.
 B = Non-inter-level travel time spent in this place.
 C = Inter-level travel time spent in this place.
 D = Time resting spent in this place.
 E = Time spent auto-exploring this place.
 F = Levels seen in this place.
 G = Mean time per level.
                   A        B        C        D        E       F      G
               +--------+--------+--------+--------+--------+-----+--------+
         Total |    987 |    954 |     33 |      0 |    788 |   2 |  493.5 |
       Dungeon |    987 |    954 |     33 |      0 |    788 |   2 |  493.5 |
               +--------+--------+--------+--------+--------+-----+--------+

Top non-repeatable levels by time:
     D:1: 974 daAuts
     D:2: 13 daAuts
